 Dungeon Crawl Stone Soup version 0.29.1-2-gbd0b4ee654 (webtiles) character file.

Game seed: 1522210594759592160

1448 leafyfresh the Sneak (level 8, -1/53 HPs)
             Began as an Octopode Earth Elementalist on Nov 12, 2022.
             Slain by an orc
             ... wielding a +0 whip
              (3 damage)
             ... on level 6 of the Dungeon.
             The game lasted 00:14:41 (8227 turns).

leafyfresh the Sneak (Octopode Earth Elementalist)  Turns: 8227, Time: 00:14:45

Health: -1/53      AC:  1    Str:  7    XL:     8   Next: 75%
Magic:  6/14       EV: 16    Int: 24    God:
Gold:   768        SH:  0    Dex: 18    Spells: 12/15 levels left

rFire   . . .      SeeInvis .   g - +2 dagger of Reasonable Courage {speed, rElec Int+4}
rCold   + . .      Faith    .   (no shield)
rNeg    . . .      Spirit   .   (helmet restricted)
rPois   .          Reflect  .   (no amulet)
rElec   +          Harm     .   q - +6 ring of dexterity
rCorr   .          Rampage  .   u - ring of protection from cold
Will    .....                   (no ring)
Stlth   ++++......              (no ring)
HPRegen 0.17/turn               (no ring)
MPRegen 0.14/turn               (no ring)
                                (no ring)
                                (no ring)

@: mighty, lethally poisoned (-1 -> -12), flying
A: almost no armour, amphibious, 8 rings, camouflage 1, gelatinous body 1,
(nimble swimmer 1), tentacles, tentacle spike 1, no potion heal 1
a: no special abilities


You were on level 6 of the Dungeon.
You visited 1 branch of the dungeon, and saw 6 of its levels.

You collected 768 gold pieces.

Inventory:

Hand Weapons
 g - the +2 dagger of Reasonable Courage (weapon) {speed, rElec Int+4}
   (You found it on level 2 of the Dungeon)

   Attacks with this weapon are significantly faster.
   Int:       It affects your intelligence (+4).
   rElec:     It insulates you from electricity.
 i - a +0 dagger
Missiles
 k - 5 boomerangs
 w - a throwing net
 B - 5 poisoned darts (quivered)
Armour
 l - a +0 helmet
 D - a +0 buckler
Jewellery
 q - a +6 ring of dexterity (left tentacle)
 u - a ring of protection from cold (right tentacle)
Wands
 C - a wand of iceblast (9)
Scrolls
 d - a scroll of fog
 e - a scroll of acquirement
 h - 3 scrolls of teleportation {unknown}
 m - 3 scrolls of amnesia {unknown}
 p - a scroll of vulnerability {unknown}
 r - 2 scrolls of blinking {unknown}
 s - a scroll of fear
 t - a scroll of enchant weapon {unknown}
 z - 2 scrolls of enchant armour {unknown}
Potions
 a - a potion of magic
 b - 2 potions of resistance
 c - a potion of cancellation
 f - a potion of berserk rage
 j - a potion of degeneration {unknown}
 n - 2 potions of haste
 o - a potion of flight
 v - 2 potions of curing
 x - a potion of lignification {unknown}
 A - a potion of brilliance {unknown}


   Skills:
 + Level 3.6 Fighting
 + Level 3.5 Short Blades
 + Level 5.6 Dodging
 - Level 5.9 Stealth
 + Level 4.0 Spellcasting
 - Level 1.0 Transmutations
 - Level 5.5 Earth Magic


You had 12 spell levels left.
You knew the following spells:

 Your Spells              Type           Power      Damage    Failure   Level
a - Sandblast             Erth           62%        2d14      1%          1
b - Passwall              Tmut/Erth      16%        N/A       3%          2

Your spell library contained the following spells:

 Spells                   Type           Power      Damage    Failure   Level
 Stone Arrow              Conj/Erth      36%        3d9       10%         3
 Sublimation of Blood     Necr           4%         N/A       14%         2
 Petrify                  Tmut/Erth      20%        N/A       26%         4
 Irradiate                Conj/Tmut      3%         3d12      91%         5


Dungeon Overview and Level Annotations

Branches:
Dungeon (6/15)
 Temple: D:4-7

Altars:
Makhleb
Trog

Shops:
D:4 :   D:6 *(!*


Innate Abilities, Weirdness & Mutations

You cannot wear most types of armour.
You are amphibious.
You can wear up to eight rings at the same time.
Your skin changes colour to match your surroundings (Stealth+).
Your rubbery body absorbs attacks. (AC +1, EV +1)
((You are camouflaged when in or above water. (Stealth+)))
You have tentacles for arms and can constrict up to eight enemies at once.
One of your tentacles bears a spike.
Potions are less effective at restoring your health.


Message History

The water moccasin barely misses you. The water moccasin bites you.
You are poisoned.
The water moccasin poisons you!
Casting: Sandblast (safe; 1% risk of failure)
Confirm with . or Enter, or press ? or * to list all spells.
Aiming: Sandblast (safe; 1% risk of failure)
Press: ? - help, Shift-Dir - straight line, f/p - water moccasin
Aim: a water moccasin (almost dead, 73% to hit)
The blast of sand hits the water moccasin but does no damage.
The water moccasin is almost dead.
You feel very sick. The water moccasin barely misses you.
The water moccasin bites you!
You are more poisoned.
The water moccasin poisons you! The orc hits you with a +0 whip.
Casting: Sandblast (safe; 1% risk of failure)
Confirm with . or Enter, or press ? or * to list all spells.
Aiming: Sandblast (safe; 1% risk of failure)
Press: ? - help, Shift-Dir - straight line, f/p - water moccasin
Aim: a water moccasin (almost dead, 73% to hit)
The blast of sand hits the water moccasin!
You kill the water moccasin!
You feel extremely sick. The orc misses you. The orc hits you with a +0 whip.
* * * LOW HITPOINT WARNING * * *
Your Spellcasting skill increases to level 4!
Unknown command.
Unknown command.
It was a potion of might.
You feel very mighty all of a sudden.
* * * LOW HITPOINT WARNING * * *
You feel very sick. The orc hits you with a +0 whip.
* * * LOW HITPOINT WARNING * * *
It was a potion of flight.
You feel very buoyant.
You fly up into the air.
* * * LOW HITPOINT WARNING * * *
You feel very sick. The orc hits you with a +0 whip.
You die...

#...# ###...###
###.......# ..........#
.##.......# .####...###
.####...# ### # .##.#####
##.##.#
.#...###########@o...##
..................)...+
.#...##########...........
.#........# #.####.####.
.#.######.# #.# ...
.#†######.# #.# ....#
.......##.# #.# ...#
##.###.##.# #.. .... #.#
#.##.# #.#


You could see an orc.

Vanquished Creatures
  2 water moccasins
  A sky beast (D:5)
  Blork the orc (D:6)
  A bullfrog (D:6)
  A necrophage (D:6)
  A gnoll sergeant (D:6)
  A scorpion (D:6)
  A howler monkey (D:6)
  6 hounds
  2 jellies (D:5)
  An orc priest (D:4)
  A gnoll bouda (D:5)
  3 iguanas
  6 orc wizards
  9 adders
  7 gnolls
  An ufetubus (D:5)
  4 worms
  2 dart slugs
  17 orcs
  4 endoplasms
  4 giant cockroaches
  5 goblins
  9 hobgoblins
  6 jackals
  8 kobolds
  A quokka (D:2)
  4 ball pythons
  4 bats
  5 frilled lizards
  3 rats
121 creatures vanquished.

Vanquished Creatures (others)
  45 plants
45 creatures vanquished.

Grand Total: 166 creatures vanquished

Notes
Turn   | Place    | Note
-------+----------+-------------------------------------------
     0 | D:1      | leafyfresh the Octopode Earth Elementalist began the quest
                  | for the Orb.
     0 | D:1      | Reached XP level 1. HP: 11/11 MP: 3/3
   391 | D:1      | Reached XP level 2. HP: 15/17 MP: 1/5
   910 | D:1      | Found a faded altar of an unknown god.
  1376 | D:2      | Reached XP level 3. HP: 17/21 MP: 2/6
  2454 | D:2      | Gained mutation: Potions are less effective at restoring
                  | your health. [potion of mutation]
  2454 | D:2      | Gained mutation: One of your tentacles bears a spike.
                  | [potion of mutation]
  2559 | D:2      | Identified the +2 dagger of Reasonable Courage {speed,
                  | rElec Int+4}
  2739 | D:2      | Reached XP level 4. HP: 27/27 MP: 7/7
  4267 | D:4      | Found a burning altar of Makhleb.
  4267 | D:4      | Noticed an Executioner
  4325 | D:4      | Reached XP level 5. HP: 4/31 MP: 3/8
  4899 | D:4      | Found Vucvugoi's Book Boutique.
  4953 | D:4      | Noticed a water moccasin
  5051 | D:4      | Reached skill level 5 in Earth Magic
  5054 | D:4      | Reached XP level 6. HP: 36/36 MP: 4/9
  5058 | D:4      | Reached skill level 5 in Stealth
  5136 | D:3      | Learned a level 2 spell: Passwall
  5236 | D:4      | Killed a water moccasin
  5628 | D:5      | Entered Level 5 of the Dungeon
  5644 | D:5      | Found a bloodstained altar of Trog.
  5671 | D:5      | Reached XP level 7. HP: 41/41 MP: 10/10
  5833 | D:6      | Reached skill level 1 in Fighting
  5979 | D:5      | Reached skill level 1 in Short Blades
  7185 | D:5      | Reached XP level 8. HP: 50/50 MP: 12/12
  7544 | D:5      | Identified 2 scrolls of acquirement
  7545 | D:5      | Acquired 382 gold pieces
  7581 | D:6      | Reached skill level 5 in Dodging
  7606 | D:6      | Found Wokkir's Assorted Antiques.
  7621 | D:6      | Found Zyiwne Xorr's Antique Weapon Emporium.
  7693 | D:6      | Found Henkietu's Assorted Antiques.
  8070 | D:6      | Found Wydi's Distillery.
  8215 | D:6      | Noticed Blork the orc
  8221 | D:6      | Killed Blork the orc
  8227 | D:6      | HP: 2/53 [poisoned by a water moccasin]
  8227 | D:6      | Slain by an orc

Illustrated notes

Levels and vault maps discovered:
D:1:      dpeg_arrival_solitude, layout_loops_ring,
          ebering_ecumenical_altar_abandoned, dk_noncrumbling_2
D:2:      layout_basic, dreamdust_wishing_well
D:3:      cheibrodos_helix_gallery, layout_basic, lexackson_kobold_supper
D:4:      layout_cave_pools, makhleb_altar_promises_db, nicolae_stop_n_shop_2,
          serial_bayou_lagoon_a, chequers_serial_rivers_micro_c
D:5:      layout_basic, amcnicky_altar_gilded
D:6:      layout_loops_corners, old_standard_altar, serial_shops,
          nicolae_shop_hallway_plus, nicolae_shop_statue_plus,
          nicolae_shop_behind_doors, shop_statue, nicolae_stop_n_shop_2,
          ebering_ghost_rock_garden, minmay_pentangle, uniq_blork_the_orc

Skill      XL: |  1  2  3  4  5  6  7  8 |
---------------+-------------------------+-----
Earth Magic    | 4 5 |  5.5
Stealth        | 3 4 5 |  5.9
Dodging        | 3 4 5 |  5.6
Fighting       | 2 3 |  3.6
Short Blades   | 2 3 |  3.5
Spellcasting   | 3 4 |  4.0
Transmutations | |  1.0

Action                   |  1- 3 |  4- 6 |  7- 9 || total
-------------------------+-------+-------+-------++-------
Melee: Unarmed           |     8 |       |       ||     8
       Constrict         |     2 |    13 |     7 ||    22
       Dagger            |    10 |    59 |    43 ||   112
       Tentacles         |     1 |    14 |     9 ||    24
       Kick              |     2 |    18 |    13 ||    33
 Cast: Sandblast         |    44 |    40 |    51 ||   135
  Use: Scroll            |     3 |     2 |     5 ||    10
       Potion            |     1 |     1 |     2 ||     4
 Stab: Sleeping          |     6 |     4 |    11 ||    21
       Distracted        |       |       |     1 ||     1
Armor: Skin              |     2 |       |     1 ||     3
Dodge: Dodged            |    12 |    29 |    43 ||    84
